 Dungeon Crawl Stone Soup version 0.17-a0-963-gaa5423c (webtiles) character file.

48 ololoev the Chucker (level 3, 0/36 HPs)
             Began as an Ogre Hunter on May 8, 2015.
             Succumbed to an adder's poison
             ... on level 2 of the Dungeon.
             The game lasted 00:03:47 (1839 turns).

ololoev the Chucker (Ogre Hunter)                   Turns: 1839, Time: 00:03:47

Health: 0/36       AC:  3    Str: 18    XL:     3   Next: 72%
Magic:  3/3        EV: 15    Int: 10    God:
Gold:   41         SH:  0    Dex: 15    Spells: 0 memorised, 2 levels left

rFire  . . .     SeeInvis .     f - +0 club
rCold  . . .     Clarity  .     d - +0 robe
rNeg   . . .     SustAb   .     (no shield)
rPois  .         Gourm    .     (helmet restricted)
rElec  .         Spirit   .     (no cloak)
rCorr  .         Warding  .     (gloves unavailable)
rMut   .         Stasis   .     (boots unavailable)
MR     .....                    (no amulet)
Stlth  +++.......               (no ring)
                                (no ring)

@: agile, lethally poisoned (0 -> -6), not resistant to hostile enchantments,
fairly stealthy
A: unfitting armour, tough skin 1
a: no special abilities


Innate Abilities, Weirdness & Mutations

You are too large for most types of armour.
You have tough skin (AC +1).

Inventory:

Hand weapons
 f - a +0 club (weapon)
Missiles
 b - a large rock (quivered)
 c - 2 throwing nets
Armour
 d - a +0 robe (worn)
Scrolls
 h - a scroll of remove curse {unknown}
Comestibles
 a - a meat ration
 e - 3 bread rations


   Skills:
 - Level 2.6 Fighting
 + Level 4.1 Maces & Flails
 - Level 4.4 Throwing
 - Level 1.7 Dodging
 - Level 0.7 Stealth


You had 2 spell levels left.
You didn't know any spells.


You were on level 2 of the Dungeon.
You were not hungry.

You visited 1 branch of the dungeon, and saw 2 of its levels.

You collected 41 gold pieces.

)(.<....#..#
#######.#..######
#..........
#....###.## #....#
#.##
#....###..#####
#.............#
........###†..##.#
........# ##.@#
####....# ##gS#
#.##.. sb.# ...
#.. ...## ###. #..
.?.## .. #..# ###

Notes
Turn   | Place    | Note
--------------------------------------------------------------
     0 | D:1      | ololoev, the Ogre Hunter, began the quest for the Orb.
     0 | D:1      | Reached XP level 1. HP: 22/22 MP: 1/1
    51 | D:1      | Reached skill level 1 in Maces & Flails
    51 | D:1      | Reached XP level 2. HP: 22/29 MP: 2/2
   550 | D:1      | Reached XP level 3. HP: 21/36 MP: 3/3
  1838 | D:2      | HP: 1/36 [goblin (2)]
  1839 | D:2      | Succumbed to an adder's poison

Dungeon Overview and Level Annotations

Branches:
Dungeon (2/15)

Altars:


Message History

The adder is moderately wounded.
The adder barely misses you. The goblin barely misses you.
You barely miss the adder.
The adder is moderately wounded.
The adder bites you. The goblin barely misses you. The adder misses you.
You are too injured to fight recklessly!
You are too injured to fight recklessly!
You are too injured to fight recklessly!
You are too injured to fight recklessly!
Throwing (i - inventory. (,) - cycle):
b - 5 large rocks (quivered)
Press: ? - help, Shift-Dir - straight line, f - adder
Aim: an adder (moderately wounded)
You throw a large rock. The large rock misses the adder.
The adder bites you.
You are poisoned.
The adder poisons you! The goblin closely misses you.
Throwing (i - inventory. (,) - cycle):
b - 4 large rocks (quivered)
Press: ? - help, Shift-Dir - straight line, f/p - adder
Aim: an adder (moderately wounded)
You throw a large rock.
The large rock closely misses the adder.
You feel sick. The adder bites you.
You are lethally poisoned!
The adder poisons you! The goblin barely misses you.
Throwing (i - inventory. (,) - cycle):
b - 3 large rocks (quivered)
Press: ? - help, Shift-Dir - straight line, f/p - adder
Aim: an adder (moderately wounded)
You throw a large rock. The large rock barely misses the adder.
You feel sick. The adder bites you but does no damage. The goblin hits you.
Throwing (i - inventory. (,) - cycle):
b - 2 large rocks (quivered)
Press: ? - help, Shift-Dir - straight line, f/p - adder
Aim: an adder (moderately wounded)
You throw a large rock. The large rock barely misses the adder.
The adder closely misses you. The goblin barely misses you.
Drink which item? (? for menu, Esc to quit)
It was a potion of magic.
Magic courses through your body.
You feel sick. The adder bites you. The adder barely misses you.
The goblin hits you.
Drink which item? (? for menu, Esc to quit)
It was a potion of agility.
You feel agile all of a sudden.
You die...

You could see an adder, a giant cockroach, a goblin and a bat.

Vanquished Creatures
  A gnoll (D:1)
  An adder (D:2)
  An ooze (D:1)
  2 giant cockroaches (D:1)
  5 hobgoblins (D:1)
  3 bats (D:1)
  A giant newt (D:1)
  5 goblins
  4 kobolds
  A quokka (D:1)
  5 rats
  A plant (D:1)
30 creatures vanquished.

Action                   || total
-------------------------++-------
Melee: Club              ||   389
       Short sword       ||     4
Throw: Large rock        ||     5
  Use: Potion            ||     2
 Stab: Sleeping          ||     1
  Eat: Chunk             ||     4

Vault maps used:
D:1:      dpeg_arrival_short_road, serial_forest, infiniplex_forest_lined_3,
          infiniplex_forest_clump_medium, infiniplex_forest_lined_room_2,
          infiniplex_forest_clump_small, infiniplex_forest_lined_room_,
          infiniplex_forest_lined_4_way, infiniplex_forest_3_way
D:2:      minitemple, minmay_cupped
